 Dungeon Sprint DCSS version 0.23.2-1-ga50397a6bc (webtiles) character file.

Game seed: 14819990004774158598

2780 Kobolds4U the Imperceptible (level 9, -4/43 HPs)
             Began as a Spriggan Assassin on May 23, 2019.
             Was a Priest of Okawaru.
             Slain by a deep troll (16 damage)
             ... in the Dungeon (Sprint I: "Red Sonja").
             The game lasted 00:05:39 (342 turns).

Kobolds4U the Imperceptible (Spriggan Assassin)      Turns: 342, Time: 00:05:40

Health: -4/43      AC:  4    Str:  7    XL:     9   Next: 43%
Magic:  14/16      EV: 36    Int: 13    God:    Okawaru [***...]
Gold:   233        SH:  0    Dex: 20    Spells: 8/8 levels left

rFire    . . .     SeeInvis +   a - +2 dagger
rCold    . . .     Gourm    .   (shield restricted)
rNeg     . . .     Faith    .   c - +0 robe
rPois    .         Spirit   .   (helmet restricted)
rElec    .         Reflect  .   d - +1 cloak
rCorr    .         Harm     .   (gloves unavailable)
MR       +....     NoTele   +   (boots unavailable)
Stlth    +++++++++.             (no amulet)
HPRegen  0.14/turn              (no ring)
MPRegen  0.15/turn              (no ring)

@: heroism, very quick
A: very small, unfitting armour, see invisible, herbivore, speed 3, slow
metabolism 2
a: Heroism, Renounce Religion


You were in the Dungeon.
You worshipped Okawaru.
Okawaru was most pleased with you.
You were not hungry.

You visited 1 branch You collected 524 gold pieces.
You spent 291 gold pieces at shops.

Inventory:

Hand Weapons
 a - a +2 dagger (weapon)
 b - a +0 blowgun
Missiles
 e - 4 poisoned needles
 m - 33 arrows
Armour
 c - a +0 robe (worn)
 d - a +1 cloak (worn)
Jewellery
 p - an uncursed ring of fire
Wands
 q - a wand of random effects (2)
Scrolls
 s - 3 scrolls of remove curse
Potions
 h - a potion of curing
 i - a potion of heal wounds
 j - a potion of haste
 k - 2 potions of magic
 l - a potion of berserk rage
 n - a potion of brilliance
 o - 2 potions of mutation {unknown}
Comestibles
 g - 2 rations


   Skills:
 * Level 2.8(7.8) Fighting
 - Level 2.1(7.1) Short Blades
 - Level 2.0(7.0) Throwing
 + Level 15.9(20.9) Dodging
 - Level 22.4(27) Stealth
 + Level 8.5 Invocations


You had 8 spell levels left.
You didn't know any spells.
Your spell library was empty.

Dungeon Overview and Level Annotations

Branches:
Dungeon (1/1)

Altars:
Cheibriados
Dithmenos
Elyvilon
Fedhas
Gozag
Hepliaklqana
Kikubaaqudgha
Makhleb
Nemelex Xobeh
Okawaru
Qazlal
Ru
Sif Muna
Trog
Uskayaw
Vehumet
Wu Jian
Xom
Yredelemnul
Zin
The Shining One
Jiyva
Lugonu

Shops:
D *

Annotations:
D exclusion: oklob plant


Innate Abilities, Weirdness & Mutations

You are very small and have problems with some larger weapons.
You are too small for most types of armour.
You have supernaturally acute eyesight. (SInv)
You are a herbivore.
You cover ground extremely quickly.
You need to consume almost no food.


Message History

The deep troll easily resists.
The deep troll misses you. The deep troll closely misses you.
The deep troll completely misses you. The deep troll bites you.
* * * LOW HITPOINT WARNING * * *
The deep troll misses you. The deep troll closely misses you.
Things that are here:
a +0 giant spiked club; an ogre corpse You gain the combat prowess of a mighty hero.
The deep troll barely misses you. The deep troll completely misses you.
The deep troll misses you.
You hit the deep troll.
The deep troll is moderately wounded.
The deep troll completely misses you. x2; The deep troll misses you.
You hit the deep troll.
The deep troll is moderately wounded.
The deep troll completely misses you. x2; The deep troll misses you.
You hit the deep troll but do no damage.
The deep troll is lightly wounded.
The deep troll bites you!
You die...

###################
#<.#..'.(#.)'..#__#
#..'..#..'(.#(.'..'
#).#####'#####(#__#
#.T####..#...#.####
#.@#__####..##(#§§≈
#..#_____##'#_§(§≈§
#⌠⌠#_.∩..†'..._#≈§§
####_..__##_.#'##'#
#_____###+#.#§[.
####### ####§#
+$$.$ #####


You could see a deep troll.

Vanquished Creatures
  2 centaur warriors (D)
  2 kobold demonologists (D)
  A hornet (D)
  A slime creature (D)
  Sigmund (D)
  A yak (D)
  A floating eye (D)
  An ogre (D)
  A jelly (D)
  Ijyb (D)
12 creatures vanquished.

Notes
Turn   | Place    | Note
-------+----------+-------------------------------------------
     0 | D        | Kobolds4U the Spriggan Assassin began the quest for the
                  | Orb.
     0 | D        | Reached XP level 1. HP: 10/10 MP: 2/2
     1 | D        | Noticed Ijyb
    26 | D        | Killed Ijyb
    26 | D        | Reached skill level 10 in Stealth
    26 | D        | Reached XP level 2. HP: 14/14 MP: 3/3
    41 | D        | Noticed an ogre
    62 | D        | Killed an ogre
    62 | D        | Reached skill level 14 in Stealth
    62 | D        | Reached XP level 3. HP: 18/18 MP: 4/4
    62 | D        | Reached XP level 4. HP: 22/22 MP: 5/5
    84 | D        | Noticed Sigmund
    87 | D        | Killed Sigmund
    87 | D        | Reached skill level 18 in Stealth
    87 | D        | Reached XP level 5. HP: 25/25 MP: 6/6
    87 | D        | Reached XP level 6. HP: 30/30 MP: 7/7
    99 | D        | Found a burning altar of Makhleb.
    99 | D        | Found a viscous altar of Jiyva.
    99 | D        | Found a shimmering altar of Xom.
    99 | D        | Found a corrupted altar of Lugonu.
    99 | D        | Noticed a slime creature
   102 | D        | Killed a slime creature
   102 | D        | Reached skill level 20 in Stealth
   105 | D        | Found an ornate altar of the Wu Jian Council.
   105 | D        | Found a deep blue altar of Sif Muna.
   107 | D        | Found a radiant altar of Vehumet.
   139 | D        | Found Lymamy's Assorted Antiques.
   139 | D        | Found an ancient bone altar of Kikubaaqudgha.
   139 | D        | Found a hazy altar of Hepliaklqana.
   139 | D        | Found a stormy altar of Qazlal.
   139 | D        | Found a hide-covered altar of Uskayaw.
   139 | D        | Found a blossoming altar of Fedhas.
   139 | D        | Found a bloodstained altar of Trog.
   139 | D        | Found an iron altar of Okawaru.
   139 | D        | Found a basalt altar of Yredelemnul.
   139 | D        | Found a glowing golden altar of the Shining One.
   139 | D        | Found a snail-covered altar of Cheibriados.
   139 | D        | Found a sacrificial altar of Ru.
   139 | D        | Found a glowing silver altar of Zin.
   139 | D        | Found a shadowy altar of Dithmenos.
   139 | D        | Found a white marble altar of Elyvilon.
   139 | D        | Noticed a yak
   140 | D        | Found an opulent altar of Gozag.
   141 | D        | Killed a yak
   141 | D        | Reached skill level 21 in Stealth
   141 | D        | Reached XP level 7. HP: 33/33 MP: 8/8
   142 | D        | Found a sparkling altar of Nemelex Xobeh.
   146 | D        | Bought a scroll labeled MIAROUTHEY for 21 gold pieces
   146 | D        | Bought an encrusted bone ring for 105 gold pieces
   146 | D        | Bought a bone wand for 84 gold pieces
   146 | D        | Bought a puce potion for 18 gold pieces
   146 | D        | Bought a scroll labeled WUHAEKH IXKI for 21 gold pieces
   146 | D        | Bought a scroll labeled MIAROUTHEY for 21 gold pieces
   146 | D        | Bought a scroll labeled WUHAEKH IXKI for 21 gold pieces
   153 | D        | Became a worshipper of Warmaster Okawaru
   179 | D        | Noticed a kobold demonologist
   180 | D        | Noticed a kobold demonologist
   182 | D        | Reached skill level 22 in Stealth
   184 | D        | Killed a kobold demonologist
   184 | D        | Reached * piety under Okawaru
   186 | D        | Killed a kobold demonologist
   186 | D        | Reached skill level 10 in Dodging
   186 | D        | Reached XP level 8. HP: 37/37 MP: 8/12
   228 | D        | Noticed a centaur warrior
   229 | D        | Noticed a centaur warrior
   230 | D        | Killed a centaur warrior
   230 | D        | Reached ** piety under Okawaru
   231 | D        | Killed a centaur warrior
   231 | D        | Reached *** piety under Okawaru
   231 | D        | Reached skill level 15 in Dodging
   231 | D        | Reached XP level 9. HP: 41/41 MP: 12/16
   275 | D        | Noticed an oklob plant
   304 | D        | Noticed a deep troll
   342 | D        | Slain by a deep troll

Skill      XL: |  1  2  3  4  5  6  7  8  9 |
---------------+----------------------------+-----
Stealth        | 10 14 18 21 22 | 22.4
Dodging        | 10 15 | 15.9
Invocations    | 4 8 |  8.5
Fighting       | 2 |  2.8
Short Blades   | |  2.1
Throwing       | |  2.0

Action                   |  1- 3 |  4- 6 |  7- 9 || total
-------------------------+-------+-------+-------++-------
Melee: Dagger            |     1 |     4 |    21 ||    26
 Fire: Blowgun           |     9 |       |     6 ||    15
Invok: Heroism           |       |       |     1 ||     1
Evoke: Wand              |       |       |     2 ||     2
  Use: Scroll            |       |       |     5 ||     5
 Stab: Sleeping          |       |     4 |     6 ||    10
Dodge: Dodged            |     5 |       |    22 ||    27
